 Dungeon Crawl Stone Soup version 0.21.1-1-g345015f (webtiles) character file.

3668 TinyReaver the Gusty (level 9, -8/78 HPs)
             Began as a White Draconian Air Elementalist on May 8, 2018.
             Was a Believer of Qazlal.
             Mangled by a two-headed ogre
             ... wielding a +0 giant spiked club
              (29 damage)
             ... on level 9 of the Dungeon on May 9, 2018.
             The game lasted 01:00:14 (11777 turns).

TinyReaver the Gusty (DrAE)                        Turns: 11777, Time: 01:00:15

Health: -8/78      AC:  8    Str: 11    XL:     9   Next: 89%
Magic:  6/18       EV: 15    Int: 18    God:    Qazlal [**....]
Gold:   432        SH:  2    Dex: 12    Spells: 14/20 levels left

rFire    . . .     SeeInvis .   x - +4 mace (crush)
rCold    + . .     Gourm    .   (no shield)
rNeg     . . .     Faith    .   (armour unavailable)
rPois    .         Spirit   .   (helmet restricted)
rElec    .         Reflect  .   (no cloak)
rCorr    .         Harm     .   e - +0 pair of gloves (curse)
MR       +....                  (no boots)
Stlth    ++........             (no amulet)
HPRegen  0.23/turn              p - ring of flight
MPRegen  0.16/turn              s - ring of protection from magic

@: sluggish, hasted
A: breathe frost, unfitting armour, cold resistance 1, cold-blooded, AC +7
a: Breathe Frost, Upheaval, Renounce Religion, Evoke Flight


You were on level 9 of the Dungeon.
You worshipped Qazlal.
Qazlal was pleased with you.
You were not hungry.

You visited 2 branches of the dungeon, and saw 10 of its levels.

You collected 432 gold pieces.

Inventory:

Hand Weapons
 d - the +12 flail "Fitaim" {freeze, MR+, unknown}
   (You took it off a gnoll on level 6 of the Dungeon)

   It has been specially enchanted to freeze those struck by it, causing extra
   injury to most foes and up to half again as much damage against particularly
   susceptible opponents.
   It can also slow down cold-blooded creatures.
   It affects your resistance to hostile enchantments.
 n - a +2 dagger of draining
 x - a +4 mace of crushing (weapon)
 L - a +0 shortbow of freezing
 N - a +0 whip of holy wrath
 O - a +4 mace of freezing
Missiles
 J - 151 arrows
Armour
 e - a cursed +0 pair of gloves (worn)
Jewellery
 g - an uncursed amulet of faith
 p - a ring of flight (left hand)
 s - a ring of protection from magic (right hand)
 F - a cursed ring of protection from fire
 G - an uncursed ring of stealth
Wands
 c - a wand of iceblast (6)
 D - a wand of clouds (5)
 K - a wand of acid (8)
Scrolls
 h - a scroll of amnesia {unknown}
 i - a scroll of fog
 k - 2 scrolls of teleportation
 t - a scroll of blinking {unknown}
 w - a scroll of enchant armour {unknown}
 z - 4 scrolls of identify
 H - a scroll of immolation {unknown}
 M - a scroll of silence {unknown}
Potions
 f - a potion of heal wounds {unknown}
 j - 4 potions of mutation {unknown}
 l - a potion of resistance {unknown}
 o - a potion of invisibility {unknown}
 r - 2 potions of haste
 u - a potion of agility {unknown}
 v - a potion of curing
 A - 3 potions of ambrosia {unknown}
 C - 2 potions of brilliance {unknown}
 E - 2 potions of flight {unknown}
 I - a potion of lignification {unknown}
Books
 a - a book of Air

   Spells                             Type                      Level
   a - Shock                          Conjuration/Air              1
   b - Swiftness                      Charms/Air                   2
   c - Static Discharge               Conjuration/Air              3
   d - Airstrike                      Air                          4
   e - Lightning Bolt                 Conjuration/Air              5
 y - a book of Minor Magic

   Spells                             Type                      Level
   a - Magic Dart                     Conjuration                  1
   b - Blink                          Translocation                2
   c - Call Imp                       Summoning                    2
   d - Slow                           Hexes                        2
   e - Conjure Flame                  Conjuration/Fire             3
   f - Mephitic Cloud                 Conjuration/Poison/Air       3
Comestibles
 b - 11 rations


   Skills:
 + Level 6.8 Fighting
 + Level 6.0 Dodging
 - Level 1.7 Stealth
 + Level 6.1 Spellcasting
 + Level 6.3 Conjurations
 + Level 7.0 Air Magic


You had 14 spell levels left.
You knew the following spells:

 Your Spells              Type           Power        Failure   Level  Hunger
a - Shock                 Conj/Air       ####         1%          1    None
b - Swiftness             Chrm/Air       ###.....     4%          2    None
c - Static Discharge      Conj/Air       ####....     2%          3    ##.....


Dungeon Overview and Level Annotations

Branches:
Dungeon (9/15)             Temple (1/1) D:4
   Lair: D:8-11         Orc: D:9-12

Altars:
Ashenzari
Cheibriados
Dithmenos
Elyvilon
Fedhas
Gozag
Hepliaklqana
Kikubaaqudgha
Makhleb
Nemelex Xobeh
Okawaru
Qazlal
Ru
Sif Muna
Trog
Uskayaw
Vehumet
Wu Jian
Xom
Yredelemnul
Zin
The Shining One

Shops:
D:5 }   D:8 %

Annotations:
D:8 4 runed doors


Innate Abilities, Weirdness & Mutations

You can breathe waves of freezing cold.
You can buffet flying creatures when you breathe cold.
Your icy white scales are hard. (AC +7)
You cannot fit into any form of body armour.
Your flesh is cold resistant. (rC+)
You are cold-blooded and may be slowed by cold attacks.


Message History

You feel quick.
You start to feel a little slower.
An adder comes into view.
The adder hisses angrily.
You feel better.
You feel sluggish.
Casting: Swiftness
Confirm with . or Enter, or press ? or * to list all spells.
The adder is struck by lightning.
The adder is severely wounded.
The lightning arcs!
You are struck by lightning.
* * * LOW HITPOINT WARNING * * *
The lightning grounds out.
The adder misses you. The adder closely misses you.
You hit the adder.
You kill the adder!
Qazlal accepts your kill.
You feel yourself speed up.
You start to feel a little faster.
The two-headed ogre hits you with a giant spiked club!!
You die...

...........O............
........###+##+#####.)..
........# #..(.
##......# #.<.. #......#
#.... #......# #....
#......# #.... ##.....O#
#.... .......@# #....
........ยง...... .....
............... .....
...............
#########...... ......
.....# .....#


You could see a two-headed ogre.

Vanquished Creatures
  Pikel (D:4)
  A troll (D:9)
  The ghost of Mellonil the Skirmisher, an amateur HaAK of Lugonu (D:4)
  Sigmund (D:6)
  A phantom (D:7)
  3 slaves (D:4)
  An orc warrior (D:3)
  8 centaurs
  3 ogres
  A big kobold (D:8)
  2 bullfrogs
  A gnoll sergeant (D:7)
  2 scorpions (D:7)
  5 wights (D:6)
  A howler monkey (D:5)
  2 centaur zombies
  A bullfrog zombie (D:5)
  A crimson imp (D:8)
  3 jellies
  2 quasits (D:6)
  A bullfrog skeleton (D:8)
  Crazy Yiuf (D:6)
  An orc wizard (D:6)
  2 centaur skeletons (D:8)
  Terence (D:3)
  2 iguanas
  Natasha (thrice) (D:3 D:6)
  4 worker ants
  2 hound zombies
  A hound skeleton (D:4)
  A howler monkey skeleton (D:5)
  7 gnolls
  5 adders
  An ooze (D:6)
  6 worms
  A dart slug (D:1)
  7 leopard geckos
  27 orcs
  11 bats
  8 giant cockroaches
  4 goblins
  14 hobgoblins
  2 quokkas
  A ball python (D:2)
  6 frilled lizards
  10 kobolds
  A leopard gecko skeleton (D:5)
  A leopard gecko zombie (D:5)
  17 rats
189 creatures vanquished.

Notes
Turn   | Place    | Note
-------+----------+-------------------------------------------
     0 | D:1      | TinyReaver the Draconian Air Elementalist began the quest for the Orb.
     0 | D:1      | Reached XP level 1. HP: 14/14 MP: 3/3
   246 | D:1      | Reached XP level 2. HP: 12/22 MP: 0/5
   592 | D:1      | Reached skill level 1 in Fighting
   809 | D:1      | Learned a level 2 spell: Swiftness
   884 | D:1      | Reached XP level 3. HP: 24/28 MP: 0/6
  1675 | D:2      | Noticed a bullfrog
  1731 | D:2      | Killed a bullfrog
  1731 | D:2      | Reached XP level 4. HP: 14/36 MP: 0/8
  2186 | D:2      | Reached XP level 5. HP: 41/41 MP: 4/9
  2463 | D:3      | Noticed Natasha
  2472 | D:3      | Killed Natasha
  2955 | D:3      | Learned a level 3 spell: Static Discharge
  3329 | D:3      | Noticed Terence
  3338 | D:3      | Killed Terence
  3672 | D:3      | Found an opulent altar of Gozag.
  3674 | D:3      | Found a shadowy altar of Dithmenos.
  3674 | D:3      | Found a shimmering altar of Xom.
  3676 | D:3      | Found a glowing silver altar of Zin.
  3676 | D:3      | Found a sacrificial altar of Ru.
  3676 | D:3      | Found a blossoming altar of Fedhas.
  3676 | D:3      | Noticed an orc warrior
  3724 | D:3      | HP: 1/42 [orc warrior/mace (9)]
  4125 | D:3      | Killed an orc warrior
  4125 | D:3      | Reached skill level 4 in Air Magic
  4125 | D:3      | Reached XP level 6. HP: 9/50 MP: 0/10
  4550 | D:4      | Found a staircase to the Ecumenical Temple.
  4553 | D:4      | Noticed a slave
  4554 | D:4      | Noticed a slave
  4554 | D:4      | Noticed a slave
  4574 | D:4      | Killed a slave
  4581 | D:4      | Killed a slave
  4774 | D:4      | Noticed Pikel
  4775 | D:4      | Noticed a slave
  4799 | D:4      | HP: 2/50 [Pikel/whip of freezing (1)]
  5124 | D:4      | Killed a slave
  5274 | Temple   | Entered the Ecumenical Temple
  5317 | Temple   | Became a worshipper of Qazlal Stormbringer
  5532 | D:5      | Entered Level 5 of the Dungeon
  6337 | D:4      | Noticed Mellonil's ghost (amateur HaAK)
  6358 | D:4      | Killed Mellonil's ghost
  6358 | D:4      | Your scales start taking on an icy white colour.
  6358 | D:4      | Reached XP level 7. HP: 35/57 MP: 1/12
  6358 | D:4      | Gained mutation: Your flesh is cold resistant. (rC+) [White Draconian growth]
  6567 | D:4      | Killed Pikel
  6567 | D:4      | Reached skill level 5 in Air Magic
  6971 | D:4      | Reached XP level 8. HP: 66/66 MP: 11/14
  7382 | D:5      | Found Nagehu's Gadget Emporium.
  7992 | D:5      | Reached skill level 5 in Fighting
  8420 | D:6      | Reached skill level 5 in Conjurations
  8433 | D:6      | Reached skill level 5 in Spellcasting
  8438 | D:6      | Reached skill level 5 in Dodging
  8680 | D:6      | Found an ancient bone altar of Kikubaaqudgha.
  8699 | D:6      | Reached skill level 6 in Air Magic
  8700 | D:6      | Reached XP level 9. HP: 72/74 MP: 5/16
  8742 | D:6      | Noticed Natasha
  8744 | D:6      | Killed Natasha
  8832 | D:6      | Noticed Sigmund
  8840 | D:6      | Killed Sigmund
  8915 | D:6      | Noticed Natasha
  8919 | D:6      | Killed Natasha
  8920 | D:6      | Reached * piety under Qazlal
  9001 | D:6      | Found a runed door.
  9117 | D:6      | Got a sapphire flail {freeze}
  9522 | D:6      | Noticed Crazy Yiuf
  9524 | D:6      | Killed Crazy Yiuf
 10722 | D:8      | Found a huge runed gate.
 10722 | D:8      | Found a huge runed gate.
 10722 | D:8      | Found a huge runed gate.
 10722 | D:8      | Found a huge runed gate.
 10722 | D:8      | Noticed a polar bear
 10723 | D:8      | Noticed a polar bear
 10723 | D:8      | Noticed a polar bear
 10723 | D:8      | Noticed a polar bear
 10723 | D:8      | Noticed a polar bear
 10724 | D:8      | Noticed a polar bear
 10765 | D:8      | Reached ** piety under Qazlal
 11127 | D:8      | Found Rygywe's Food Shoppe.
 11535 | D:9      | Noticed a troll
 11541 | D:9      | Killed a troll
 11541 | D:9      | Reached skill level 7 in Air Magic
 11745 | D:9      | Noticed a two-headed ogre
 11777 | D:9      | Mangled by a two-headed ogre

Skill      XL: |  1  2  3  4  5  6  7  8  9 |
---------------+----------------------------+-----
Dodging        | 2 3 4 5 6 |  6.0
Fighting       | 1 2 3 4 5 6 |  6.8
Conjurations   | 2 3 4 5 6 |  6.3
Spellcasting   | 3 4 5 6 |  6.1
Air Magic      | 4 5 6 7 |  7.0
Stealth        | |  1.7

Action                   |  1- 3 |  4- 6 |  7- 9 || total
-------------------------+-------+-------+-------++-------
Melee: Unarmed           |    34 |       |       ||    34
       Tailslap          |     4 |    11 |    16 ||    31
       Dagger            |    35 |    26 |       ||    61
       Club              |     4 |       |       ||     4
       Mace              |       |    80 |   104 ||   184
 Cast: Shock             |    72 |   147 |   244 ||   463
       Swiftness         |     1 |     2 |     2 ||     5
       Static Discharge  |       |    10 |    27 ||    37
 Abil: Breathe Frost     |       |       |     2 ||     2
  Use: Scroll            |     8 |     4 |     8 ||    20
       Potion            |       |     1 |     2 ||     3
  Eat: Chunk             |     4 |     8 |     9 ||    21
       Ration            |       |     3 |     3 ||     6
Armor: Skin              |    25 |    37 |    54 ||   116
Dodge: Dodged            |    77 |    90 |   136 ||   303
Block: Other             |       |       |     5 ||     5
